Map: Port Aleksander LE

Players

Nerchio

  • Race: Zerg Zerg
  • League: Master
  • Spawn Location: 11:00

Lambo - Winner!

  • Race: Zerg Zerg
  • League: Master
  • Spawn Location: 5:00

VOD

Have the link to the VOD?

Description

Time

  • Played on: Jan. 11, 2019, 8:25 a.m.
  • Length: 9:17
Show
View Real Time Build Order
Export as new Build Order

Nerchio Zerg 

Build Orders: Hatch First 

Get SALT Encoding   

  12  0:00  Drone  
  13  0:12  Overlord  
  13  0:17  Drone  
  14  0:30  Drone x2  
  16  0:49  Hatchery  
  15  0:53  Drone  
  15  0:56  Drone  
  17  1:00  Drone  
  18  1:11  Extractor  
  17  1:16  Spawning Pool  
  16  1:19  Drone  
  16  1:23  Drone  
  18  1:28  Drone  
  19  1:39  Overlord  
  19  1:49  Drone  
  20  2:02  Queen x2  
  20  2:03  Zergling x2  
  20  2:04  Zergling x2  
  26  2:10  Metabolic Boost  
  26  2:13  Drone  
  27  2:16  Drone  
  27  2:21  Drone  
  29  2:23  Drone  
  30  2:41  Hatchery  
  30  2:42  Drone  
  30  2:43  Drone  
  31  2:48  Drone  
  32  2:52  Overlord  
  32  2:58  Queen  
  32  3:05  Evolution Chamber  
  33  3:08  Zergling x4  
  33  3:11  Drone x2  
  37  3:14  Drone  
  37  3:16  Drone  
  37  3:19  Drone  
  40  3:21  Drone  
  40  3:26  Overlord  
  41  3:31  Zerg Melee Weapons Level 1  
  41  3:35  Overlord  
  41  3:43  Queen  
  41  3:44  Zergling x2  
  44  3:51  Zergling x2  
  44  3:52  Zergling x2  
  44  3:53  Baneling Nest, Zergling x2  
  46  3:58  Drone  
  46  3:59  Drone  
  46  4:00  Drone  
  46  4:01  Drone  
  50  4:03  Drone  
  50  4:07  Drone x2  
  50  4:09  Drone  
  54  4:11  Drone  
  54  4:14  Drone  
  54  4:16  Drone  
  57  4:19  Overlord  
  57  4:21  Drone  
  58  4:27  Overlord x2  
  58  4:30  Drone x2  
  60  4:35  Extractor  
  59  4:41  Zergling x12  
  59  4:42  Zergling x2  
  66  4:46  Zergling x4  
  66  4:48  Zergling x2  
  69  4:57  Zergling x4  
  71  5:00  Zergling x2  
  71  5:04  Baneling x10  
  71  5:05  Zergling x10  
  77  5:08  Zergling x2  
  77  5:09  Zergling x2  
  79  5:16  Zergling x2, Baneling x3  
  79  5:17  Zergling x2  
  81  5:24  Zergling x12  
  78  5:32  Zergling x10  
  77  5:36  Zergling x2  
  77  5:38  Lair  
  78  5:45  Zergling x10  
  78  5:47  Baneling x2  
  78  5:52  Baneling x2  
  78  5:53  Zergling x2  
  78  5:54  Zergling x2  
  80  6:01  Zergling x2  
  80  6:03  Zergling x2  
  76  6:04  Zergling x2  
  76  6:05  Zergling x2  
  76  6:09  Zergling x2  
  76  6:10  Zergling x4  
  71  6:11  Baneling x4  
  71  6:15  Extractor  
  71  6:16  Extractor, Zergling x4  
  71  6:17  Zergling x2  
  70  6:23  Extractor  
  69  6:25  Zergling x2  
  69  6:28  Zergling x4  
  69  6:36  Zergling x2  
  69  6:37  Zergling x2  
  66  6:43  Roach Warren, Extractor  
  66  6:44  Zergling x4  
  66  6:45  Zergling x4  
  68  6:48  Zergling x4  
  68  6:49  Zergling x2  
  68  6:52  Zergling x6  
  57  7:23  Roach x13  
  81  7:32  Roach  
  83  7:40  Roach  
  83  7:41  Roach  
  85  7:44  Roach  
  85  7:47  Zergling x2  
  88  7:54  Zergling x4  
  88  7:57  Zergling x4  
  73  8:00  Zergling x2  
  73  8:03  Zergling x2  
  63  8:06  Zergling x2  
  63  8:11  Zergling x2  
  65  8:13  Zergling x2  
  65  8:14  Zergling x2  
  65  8:17  Roach  
  65  8:19  Roach  
  73  8:20  Roach  
  73  8:21  Roach x2  
  73  8:24  Roach  
  79  8:29  Roach  
  79  8:31  Roach  
  79  8:34  Roach  
  84  8:38  Baneling x3  
  84  8:41  Overlord  
  82  8:54  Roach x2  
  74  8:57  Zergling x2  
Show
View Real Time Build Order
Export as new Build Order

Lambo Zerg - Winner!

Build Orders: Hatch First 

Get SALT Encoding   

  12  0:01  Drone  
  13  0:13  Overlord  
  13  0:18  Drone  
  14  0:32  Drone x2  
  16  0:49  Hatchery  
  15  0:52  Drone  
  15  0:56  Drone  
  17  0:59  Drone  
  18  1:10  Extractor  
  17  1:15  Spawning Pool  
  16  1:19  Drone  
  16  1:21  Drone  
  18  1:30  Drone  
  19  1:40  Drone  
  20  1:50  Drone  
  21  2:01  Overlord, Drone  
  21  2:02  Queen x2  
  26  2:11  Drone  
  26  2:12  Drone  
  26  2:14  Metabolic Boost  
  28  2:23  Zergling x4  
  30  2:36  Hatchery  
  29  2:41  Zergling x2  
  29  2:42  Drone  
  31  2:44  Drone  
  32  2:51  Baneling Nest  
  32  2:55  Drone  
  32  2:58  Drone  
  33  2:59  Overlord  
  33  3:10  Zergling x2  
  33  3:11  Zergling x4  
  36  3:17  Drone x4  
  40  3:21  Overlord  
  40  3:24  Drone  
  41  3:30  Evolution Chamber  
  41  3:31  Drone x2  
  42  3:36  Queen  
  42  3:39  Baneling x2  
  44  3:43  Drone  
  44  3:45  Drone x2  
  44  3:48  Drone  
  48  3:50  Drone x2  
  48  3:54  Drone  
  48  3:55  Drone  
  52  3:59  Zerg Missile Weapons Level 1  
  52  4:06  Drone x4  
  52  4:08  Drone  
  57  4:12  Extractor  
  57  4:14  Overlord, Extractor  
  57  4:16  Drone x2  
  57  4:18  Drone  
  57  4:22  Overlord  
  58  4:33  Drone x2  
  58  4:38  Drone x2  
  62  4:42  Drone x2  
  62  4:43  Lair, Roach Warren  
  62  4:44  Overlord  
  62  4:45  Drone x3  
  66  4:48  Drone x2  
  66  4:50  Drone  
  66  4:51  Drone  
  70  4:58  Baneling x3  
  69  5:00  Zergling x8  
  69  5:02  Overlord  
  69  5:03  Drone  
  69  5:05  Extractor  
  69  5:06  Baneling x2  
  73  5:07  Extractor  
  73  5:08  Queen  
  73  5:11  Baneling  
  73  5:12  Zergling x4  
  76  5:17  Overlord  
  76  5:18  Baneling x2  
  75  5:24  Zergling x12  
  75  5:28  Baneling x3  
  77  5:30  Drone x4  
  77  5:32  Drone  
  77  5:35  Drone  
  73  5:36  Drone  
  73  5:40  Overlord  
  72  5:44  Drone  
  72  5:48  Roach x2  
  72  5:49  Baneling x3  
  73  5:52  Roach  
  73  5:53  Baneling x3  
  75  5:59  Roach x2  
  75  6:03  Roach  
  78  6:11  Roach x2  
  78  6:16  Roach x3  
  78  6:17  Roach  
  80  6:18  Zergling x2  
  80  6:19  Zergling x2  
  80  6:30  Ravager x2  
  80  6:31  Roach  
  80  6:32  Zergling x4  
  84  6:35  Roach, Zergling x4  
  78  6:40  Roach x2  
  78  6:43  Roach  
  78  6:45  Baneling  
  84  6:48  Roach  
  84  6:51  Roach  
  88  6:54  Roach  
  88  6:55  Roach  
  88  6:57  Zergling x4  
  96  7:01  Roach, Zergling x6  
  101  7:09  Roach, Zergling x2  
  101  7:11  Baneling  
  101  7:15  Roach  
  104  7:17  Ravager  
  104  7:18  Roach  
  104  7:22  Roach x2  
  101  7:26  Roach  
  103  7:34  Roach x2, Zergling x6  
  106  7:37  Baneling x4  
  106  7:41  Overlord  
  106  7:45  Overlord  
  102  7:57  Zergling x2  
  99  7:59  Overlord  
  99  8:00  Overlord  
  99  8:01  Overlord  
  99  8:02  Zergling x2  
  99  8:03  Zergling x6  
  93  8:12  Roach  
  90  8:13  Ravager  
  90  8:14  Ravager  
  90  8:15  Ravager, Zergling x2  
  90  8:18  Zergling x4  
  90  8:19  Zergling x2  
  97  8:24  Ravager x2, Zergling x2  
  100  8:27  Hatchery  
  100  8:31  Baneling x3  
  100  8:32  Zergling x6  
  101  8:35  Zergling x2  
  101  8:39  Zergling x2  
  101  8:41  Baneling x2  
  103  8:42  Zergling x2  
  89  8:57  Zergling x14  
  84  9:08  Ravager x2  
Tags
 
Add a new tag
Caveats
  • Supply blocks, unpowered buildings, or Contaminate may cause inaccurate times.
  • Supply counts are checked every 10 seconds.